 Dungeon Crawl Stone Soup version 0.27-a0-1196-g3e9cee4cb2 (webtiles) character file.

Game seed: 10018577463805795918

22514 polve the Grappler (level 12, -2/153 HPs)
             Began as a Demonspawn Abyssal Knight on May 29, 2021.
             Was a High Priest of Lugonu.
             Slain by a cane toad (21 damage)
             ... on level 4 of the Lair of Beasts.
             The game lasted 00:18:25 (11720 turns).

polve the Grappler (Demonspawn Abyssal Knight)     Turns: 11720, Time: 00:18:25

Health: -2/153     AC:  9    Str: 17    XL:     12   Next: 63%
Magic:  18/18      EV: 14    Int: 14    God:    Lugonu [*****.]
Gold:   1663       SH:  0    Dex: 13    Spells: 8/11 levels left

rFire    . . .     SeeInvis .     - Unarmed
rCold    . . .     Faith    .   (no shield)
rNeg     . . .     Spirit   .   N - +3 troll leather armour {Snorg}
rPois    +         Reflect  .   M - +0 hat
rElec    +         Harm     .   F - +0 cloak
rCorr    .         Rampage  .   (gloves unavailable)
Will     .....                  (no boots)
Stlth    ..........             k - amulet of regeneration
HPRegen  2.35/turn              f - ring of Generosity {Wiz rElec rPois}
MPRegen  0.16/turn              J - +4 ring of slaying

@: berserking, slow
A: antennae 2, claws 3, hooves 2, ignite blood 2, powered by death 1
a: Renounce Religion, Depart the Abyss, Bend Space, Banish, Corrupt, Enter the
Abyss


You were on level 4 of the Lair of Beasts.
You worshipped Lugonu.
Lugonu was extremely pleased with you.
You visited 2 branches of the dungeon, and saw 14 of its levels.
You visited the Abyss 1 time.

You collected 1663 gold pieces.

Inventory:

Hand Weapons
 a - a +5 short sword
Missiles
 E - 2 atropa-tipped darts
Armour
 b - a +0 plate armour
 F - a +0 cloak (worn)
 M - a +0 hat (worn)
 N - a +3 troll leather armour (worn) {Snorg}
Jewellery
 f - the ring of Generosity (left claw) {Wiz rElec rPois}
   (You acquired it on level 6 of the Dungeon)

   [ring of wizardry]

   It improves your spell success rate.
   It insulates you from electricity.
   It protects you from poison.
 k - an amulet of regeneration (around neck)
 G - a +6 ring of dexterity
 J - a +4 ring of slaying (right claw)
Wands
 e - a wand of iceblast (16)
 p - a wand of polymorph (27)
 r - a wand of flame (29)
 D - a wand of paralysis (4)
 H - a wand of mindburst (24)
 I - a wand of charming (18)
Scrolls
 g - 2 scrolls of immolation {unknown}
 i - a scroll of fear {unknown}
 o - 4 scrolls of enchant armour
 q - 7 scrolls of identify
 t - 4 scrolls of teleportation {unknown}
 w - 2 scrolls of magic mapping {unknown}
 y - a scroll of amnesia {unknown}
 B - 2 scrolls of blinking {unknown}
 C - a scroll of holy word {unknown}
 K - 2 scrolls of vulnerability {unknown}
 L - a scroll of silence {unknown}
Potions
 c - 2 potions of invisibility {unknown}
 d - 4 potions of curing
 h - 4 potions of flight {unknown}
 j - a potion of ambrosia {unknown}
 l - 2 potions of heal wounds {unknown}
 m - 6 potions of lignification {unknown}
 n - 5 potions of attraction {unknown}
 s - 2 potions of berserk rage
 u - a potion of resistance {unknown}
 v - a potion of degeneration {unknown}
 x - a potion of cancellation {unknown}
 z - 2 potions of might {unknown}
 A - 2 potions of magic {unknown}


   Skills:
 - Level 12.0 Fighting
 - Level 2.5 Short Blades
 - Level 8.0 Armour
 + Level 5.8 Dodging
 - Level 12.0 Unarmed Combat
 - Level 8.0 Invocations


You had 8 spell levels left.
You knew the following spells:

 Your Spells              Type           Power      Damage    Failure   Level
a - Swiftness             Air            0%         N/A       36%         3

Your spell library contained the following spells:

 Spells                   Type           Power      Damage    Failure   Level
 Foxfire                  Conj/Fire      0%         2x1d4     13%         1
 Shock                    Conj/Air       0%         1d3       13%         1
 Static Discharge         Conj/Air       0%         N/A       21%         2
 Conjure Flame            Conj/Fire      0%         6-21      36%         3
 Inner Flame              Hex/Fire       0%         N/A       36%         3
 Airstrike                Air            0%         N/A       75%         4
 Sticky Flame             Conj/Fire      0%         2d3       75%         4
 Fireball                 Conj/Fire      0%         3d3       97%         5
 Lightning Bolt           Conj/Air       0%         1d11      97%         5


Dungeon Overview and Level Annotations

Branches:
Dungeon (10/15)            Temple (0/1) D:5            Lair (4/6) D:8
 Spider (0/4) Lair:3          Orc (0/2) D:9
  Swamp: Lair:2-4    Shoals: Lair:2-4

Altars:
Ashenzari
Cheibriados
Fedhas
Gozag
Kikubaaqudgha
Makhleb
Ru
Sif Muna
Trog
Uskayaw
Vehumet
Xom
Yredelemnul

Shops:
D:3 ==   D:4 (

Annotations:
Lair:1 2 transporters, Pyinaobb's ghost, journeyman TrMo
Lair:2 exclusion: oklob plant


Innate Abilities, Weirdness & Mutations

You have a pair of antennae on your head.
You have claws for hands.
You have hoof-like feet.
Your demonic aura often causes spilled blood to erupt in flames.
You regenerate a little health from kills.


Message History

The electric eel shoots out a bolt of lightning at you!
The bolt of electricity misses you. The cane toad closely misses you.
The electric eel shoots out a bolt of lightning at you!
The bolt of electricity hits you. You resist. The cane toad stings you!
You claw the electric eel!
The electric eel is severely wounded.
The electric eel shoots out a bolt of lightning at you!
The bolt of electricity hits you. You resist. The cane toad stings you!
Your unstable footing causes you to fumble your attack.
The electric eel shoots out a bolt of lightning at you!
The bolt of electricity hits you. You resist.
Your unstable footing causes you to fumble your attack.
The cane toad stings you but does no damage.
You closely miss the electric eel. Your kick misses the electric eel.
You claw the electric eel.
The electric eel is almost dead.
The cane toad stings you!!
Your unstable footing causes you to fumble your attack.
The cane toad stings you!
* * * LOW HITPOINT WARNING * * *
The electric eel shoots out a bolt of lightning at you!
The bolt of electricity hits you but does no damage.
You scratch the electric eel.
You kick the electric eel, but do no damage.
The electric eel is almost dead.
The cane toad stings you!
* * * LOW HITPOINT WARNING * * *
The electric eel shoots out a bolt of lightning at you!
The bolt of electricity hits you. You resist.
* * * LOW HITPOINT WARNING * * *
A red film seems to cover your vision as you go berserk!
You feel yourself moving faster!
You feel mighty! The cane toad stings you.
* * * LOW HITPOINT WARNING * * *
The electric eel shoots out a bolt of lightning at you!
The bolt of electricity misses you.
You claw the electric eel!
You kill the electric eel!
Lugonu accepts your kill. The cane toad stings you!!
You die...

.. ##...........
..##............
.................
#.................
..................
#........≈≈PP...P.
.........≈≈P≈≈≈.≈≈
....<....≈F≈≈≈≈≈≈≈
#........≈@≈PP≈≈≈P
#..............≈≈≈≈≈≈≈P≈
#....#.........P≈≈≈P≈≈≈P
#...##P.......♣≈≈≈≈≈≈≈≈≈
#...##........♣≈≈≈≈≈≈≈≈≈
#...P##.......♣≈≈≈≈≈≈≈≈≈
.....##.......♣≈P≈≈≈≈≈≈≈
.....#........♣♣P≈≈≈≈≈≈P
..............♣ ♣♣P≈≈≈


You could see a cane toad.

Vanquished Creatures
  Gastronok (Lair:3)
  Snorg (Lair:3)
  2 two-headed ogres
  Nergalle (Lair:3)
  5 centaur zombies
  A black mamba (Lair:2)
  5 cane toads
  A rime drake (Lair:3)
  4 komodo dragons
  2 polar bears (Lair:3)
  13 blink frogs
  17 yaks
  Grum (D:10)
  4 vampire mosquitoes
  A basilisk (Lair:1)
  2 steam dragons
  An acid dragon (D:9)
  13 water moccasins
  2 sky beasts (D:5)
  3 orc warriors
  3 black bears
  6 centaurs
  An ogre (D:4)
  2 necrophages (D:6)
  20 wolves
  10 bullfrogs
  9 scorpions
  A water moccasin skeleton (D:6)
  10 killer bees (D:9)
  2 howler monkeys
  5 wights
  An electric eel (Lair:4)
  2 hounds
  A jelly (D:3)
  A centaur skeleton (D:6)
  6 orc priests
  Crazy Yiuf (D:7)
  7 iguanas
  Ijyb (D:5)
  11 orc wizards
  A killer bee zombie (D:8)
  A hound skeleton (D:4)
  8 gnolls
  4 adders
  4 river rats (D:7)
  A white imp (D:6)
  An ufetubus (D:5)
  7 worms
  2 dart slugs (D:3)
  31 orcs
  10 ball pythons
  3 endoplasms
  A giant cockroach (D:4)
  5 goblins
  19 hobgoblins
  4 jackals (D:2)
  A quokka (D:4)
  A ball python zombie (D:3)
  6 bats
  5 frilled lizards
  8 kobolds
  5 rats
308 creatures vanquished.

Vanquished Creatures (others)
  54 fungi
  41 plants
95 creatures vanquished.

Grand Total: 403 creatures vanquished

Notes
Turn   | Place    | Note
-------+----------+-------------------------------------------
     0 | Abyss:1  | polve the Demonspawn Abyssal Knight began the quest for the
                  | Orb.
     0 | Abyss:1  | Reached XP level 1. HP: 18/18 MP: 2/2
    43 | Abyss:2  | Noticed a ynoxinul
    58 | Abyss:2  | Noticed a thrashing horror
    58 | Abyss:2  | Noticed a thrashing horror
    59 | D:1      | Escaped the Abyss
   327 | D:1      | Reached * piety under Lugonu
   348 | D:1      | Gained mutation: You have a pair of small antennae on your
                  | head. [demonic ancestry]
   348 | D:1      | Reached XP level 2. HP: 24/24 MP: 3/3
   619 | D:1      | Reached skill level 1 in Unarmed Combat
  1139 | D:2      | Gained mutation: Your demonic aura sometimes causes spilled
                  | blood to erupt in flames. [demonic ancestry]
  1139 | D:2      | Reached XP level 3. HP: 24/29 MP: 4/4
  1447 | D:2      | Reached ** piety under Lugonu
  1594 | D:2      | Found a faded altar of an unknown god.
  2255 | D:3      | Found Ytued's Jewellery Boutique.
  2255 | D:3      | Found a snail-covered altar of Cheibriados.
  2373 | D:3      | Gained mutation: You have a pair of antennae on your head.
                  | [demonic ancestry]
  2373 | D:3      | Reached XP level 4. HP: 35/35 MP: 5/5
  2555 | D:3      | Found Olasan's Jewellery Shoppe.
  2660 | D:3      | Found a transporter.
  2660 | D:3      | Noticed a bullfrog
  2660 | D:3      | Noticed a black bear
  2662 | D:3      | Found a basalt altar of Yredelemnul.
  2663 | D:3      | Found a transporter.
  2664 | D:3      | Found a hide-covered altar of Uskayaw.
  2782 | D:5      | Entered Level 5 of the Dungeon
  2782 | D:5      | Noticed a sky beast
  2816 | D:5      | Killed a sky beast
  2817 | D:5      | Gained mutation: You have sharp fingernails. [demonic
                  | ancestry]
  2817 | D:5      | Reached XP level 5. HP: 12/41 MP: 6/6
  2930 | D:5      | Found a staircase to the Ecumenical Temple.
  3144 | D:5      | Reached skill level 5 in Unarmed Combat
  3219 | D:5      | Noticed Ijyb
  3222 | D:5      | Killed Ijyb
  3223 | D:5      | Gained mutation: You have large cloven feet. [demonic
                  | ancestry]
  3223 | D:5      | Reached XP level 6. HP: 47/47 MP: 7/7
  3427 | D:5      | Noticed a sky beast
  3460 | D:5      | Killed a sky beast
  3529 | D:5      | Found a sacrificial altar of Ru.
  3737 | D:4      | Gained mutation: You have very sharp fingernails. [demonic
                  | ancestry]
  3737 | D:4      | Reached XP level 7. HP: 50/52 MP: 8/8
  3853 | D:4      | Reached *** piety under Lugonu
  3895 | D:4      | Found Bilun's Antique Weapon Shoppe.
  3915 | D:4      | Found a large runed translucent door.
  3915 | D:4      | Found a large runed translucent door.
  3975 | D:4      | Found a bloodstained altar of Trog.
  4273 | D:4      | Found a shimmering blue altar of Sif Muna.
  4293 | D:4      | Found a shimmering altar of Xom.
  4393 | D:3      | Reached skill level 1 in Dodging
  4393 | D:3      | Gained mutation: Your demonic aura often causes spilled
                  | blood to erupt in flames. [demonic ancestry]
  4393 | D:3      | Reached XP level 8. HP: 38/58 MP: 9/9
  5155 | D:6      | Found a burning altar of Makhleb.
  5404 | D:6      | Reached skill level 5 in Fighting
  5706 | D:6      | Identified 2 scrolls of acquirement
  5707 | D:6      | Acquired the ring of Generosity {Wiz rElec rPois}
  5709 | D:6      | Acquired 865 gold pieces
  5836 | D:7      | Noticed a two-headed ogre
  5858 | D:7      | Killed a two-headed ogre
  5859 | D:7      | Reached skill level 5 in Invocations
  5859 | D:7      | Gained mutation: You have claws for hands. [demonic
                  | ancestry]
  5859 | D:7      | Reached XP level 9. HP: 51/69 MP: 9/12
  5913 | D:7      | Found a radiant altar of Vehumet.
  6314 | D:7      | Found a runed translucent door.
  6315 | D:7      | Noticed Crazy Yiuf
  6596 | D:7      | Found a broken altar of Ashenzari.
  6682 | D:7      | Killed Crazy Yiuf
  6770 | D:7      | Reached **** piety under Lugonu
  6950 | D:8      | Reached skill level 5 in Armour
  7047 | D:8      | Gained mutation: You regenerate a little health from kills.
                  | [demonic ancestry]
  7047 | D:8      | Reached XP level 10. HP: 77/77 MP: 16/16
  7053 | D:8      | Reached skill level 5 in Dodging
  7057 | D:8      | Found a staircase to the Lair.
  7653 | Lair:1   | Entered Level 1 of the Lair of Beasts
  7796 | D:9      | Found an opulent altar of Gozag.
  7913 | D:9      | Learned a level 3 spell: Swiftness
  8058 | D:9      | Found a staircase to the Orcish Mines.
  8154 | D:9      | Found an ancient bone altar of Kikubaaqudgha.
  8344 | D:10     | Entered Level 10 of the Dungeon
  8393 | D:10     | Noticed Grum
  8443 | D:10     | Killed Grum
  8716 | D:10     | Gained mutation: You have hoof-like feet. [demonic
                  | ancestry]
  8716 | D:10     | Reached XP level 11. HP: 86/86 MP: 17/17
  8742 | D:10     | Reached ***** piety under Lugonu
  8799 | D:10     | Noticed a two-headed ogre
  8824 | D:10     | Killed a two-headed ogre
  9200 | Lair:1   | Reached skill level 10 in Unarmed Combat
  9219 | Lair:1   | Found a transporter.
  9418 | Lair:1   | Found a transporter.
  9418 | Lair:1   | Noticed Pyinaobb's ghost (journeyman TrMo)
  9421 | Lair:1   | Noticed a death yak
  9917 | Lair:1   | Noticed a seven-headed hydra
  9918 | Lair:1   | Banished a seven-headed hydra
 10383 | Lair:2   | Reached XP level 12. HP: 64/95 MP: 18/18
 10596 | Lair:2   | Found a blossoming altar of Fedhas.
 10866 | Lair:3   | Reached skill level 10 in Fighting
 11033 | Lair:3   | Noticed Gastronok
 11045 | Lair:3   | Killed Gastronok
 11110 | Lair:3   | Noticed Snorg
 11118 | Lair:3   | Killed Snorg
 11202 | Lair:3   | Noticed Nergalle
 11214 | Lair:3   | Killed Nergalle
 11282 | Lair:3   | Found a hole to the Spider Nest.
 11343 | Lair:3   | Found a hide-covered altar of Uskayaw.
 11720 | Lair:4   | Slain by a cane toad

Illustrated notes

Levels and vault maps discovered:
D:1:      tarquinn_simple_flora_water_d, layout_rooms
D:2:      layout_basic, hellmonk_ecumenical_altar_pennies_from_heaven,
          minmay_vboxes
D:3:      layout_rooms, kennysheep_slug_shrine, gammafunk_temple_overflow_arena,
          serial_shops, nicolae_shop_statue_plus, shop
D:4:      layout_rooms, general_overflow_altar, jmf_multi_god_temple2,
          serial_shops, shop, grunt_ministairs_10
D:5:      layout_loops_cross, nicolae_ru_the_path_less_chosen,
          minmay_temple_entry_slanted, uniq_ijyb
D:6:      layout_basic, amcnicky_altar_gilded, st_stairs_1,
          amcnicky_mini_rare_corridor_liquid, grunt_decor_one_mirror,
          kennysheep_windowed_goal
D:7:      wad_woods_tower, layout_loops_ring, nicolae_vehumet_altar_sigil,
          kennysheep_little_box, uniq_crazy_yiuf_cottage
D:8:      layout_cave_pods, due_lair_maze_entry_diamond, item_on_display_a
D:9:      layout_big_octagon, lemuel_coloured_pillars_altar,
          nicolae_gozag_seed_capital
D:10:     layout_irregular_city, nicolae_wwwww, lemuel_flame_loot_1, uniq_grum
Lair:1:   layout_regular_city, gammafunk_ghost_berserking_beasts,
          serial_bayou_crossing, grunt_megastairs_3
Lair:2:   layout_gridlike, hangedman_tree_tricks
Lair:3:   layout_regular_city, nicolae_spider_entry_non_spiders, basic_altar,
          uniq_nergalle, uniq_gastronok, uniq_snorg
Lair:4:   layout_long_grid, swamp_mist_pool, gammafunk_ghost_necromancy,
          serial_bayou_shore_a

Skill      XL: |  1  2  3  4  5  6  7  8  9 10 11 12 |
---------------+-------------------------------------+-----
Short Blades   | 2 |  2.5
Unarmed Combat | 1 2 4 5 6 8 9 12 | 12.0
Armour         | 2 3 5 8 |  8.0
Dodging        | 1 3 4 5 |  5.8
Fighting       | 5 6 8 9 12 | 12.0
Invocations    | 5 8 |  8.0

Action                   |  1- 3 |  4- 6 |  7- 9 | 10-12 || total
-------------------------+-------+-------+-------+-------++-------
Melee: Short sword       |   206 |    50 |       |       ||   256
       Unarmed           |       |   100 |   259 |   427 ||   786
       Kick              |       |    14 |    83 |   146 ||   243
       Punch             |       |       |     7 |    16 ||    23
Invok: Depart the Abyss  |     1 |       |       |       ||     1
       Bend Space        |       |       |     2 |     1 ||     3
       Banish            |       |       |       |     1 ||     1
  Use: Potion            |       |     2 |       |     1 ||     3
       Scroll            |       |       |     4 |       ||     4
Armor: Plate armour      |   147 |    93 |   181 |   254 ||   675
       Chain mail        |     1 |       |       |       ||     1
       Troll leather arm |       |       |       |     8 ||     8
Dodge: Dodged            |    28 |    23 |    69 |   163 ||   283

Table legend: (Time is in decaauts)
 A = Elapsed time spent in this place.
 B = Non-inter-level travel time spent in this place.
 C = Inter-level travel time spent in this place.
 D = Time resting spent in this place.
 E = Time spent auto-exploring this place.
 F = Levels seen in this place.
 G = Mean time per level.
                   A        B        C        D        E       F      G
               +--------+--------+--------+--------+--------+-----+--------+
         Total |  11606 |  10954 |    652 |    115 |   8720 |  16 |  725.4 |
       Dungeon |   8985 |   8391 |    594 |    115 |   6600 |  10 |  898.5 |
          Lair |   2563 |   2506 |     57 |      0 |   2090 |   4 |  640.8 |
         Abyss |     58 |     58 |      0 |      0 |     29 |   2 |   29.0 |
               +--------+--------+--------+--------+--------+-----+--------+

Top non-repeatable levels by time:
     D:6: 1312 daAuts
     D:2: 1241 daAuts
     D:1: 1006 daAuts
     D:7: 981 daAuts
     D:5: 938 daAuts
  Lair:1: 918 daAuts
     D:8: 894 daAuts
  Lair:3: 808 daAuts
  Lair:2: 800 daAuts
    D:10: 696 daAuts
     D:9: 683 daAuts
     D:4: 662 daAuts
     D:3: 567 daAuts
 Abyss:2: 39 daAuts
  Lair:4: 36 daAuts
